 Dungeon Crawl Stone Soup version 0.28-a0-312-gbced6e68ee (webtiles) character file.

Game seed: 16446602995923549519

400 sanka the Slasher (level 6, -6/53 HPs)
             Began as a Gnoll Cinder Acolyte on Aug 30, 2021.
             Was a High Priest of Ignis.
             Mangled by Sigmund (12 damage)
             ... on level 4 of the Dungeon.
             The game lasted 00:07:28 (4742 turns).

sanka the Slasher (Gnoll Cinder Acolyte)            Turns: 4742, Time: 00:07:29

Health: -6/53      AC:  2    Str: 14    XL:     6   Next: 84%
Magic:  11/11      EV: 11    Int: 15    God:    Ignis [*****.]
Gold:   147        SH:  0    Dex:  7    Spells: 11/12 levels left

rFire   + + .      SeeInvis .   t - +0 whip (elec)
rCold   + . .      Faith    .   (no shield)
rNeg    . . .      Spirit   .   b - +0 robe
rPois   .          Reflect  .   (no helmet)
rElec   .          Harm     .   d - scarf {rC+ rF+}
rCorr   .          Rampage  .   (no gloves)
Will    .....                   (no boots)
Stlth   ++........              (no amulet)
HPRegen 0.17/turn               (no ring)
MPRegen 0.12/turn               (no ring)

@: no status effects
A: fangs 1, strong nose, distributed training
a: Renounce Religion, Sea of Fire, Foxfire Swarm, Rising Flame


You were on level 4 of the Dungeon.
You worshipped Ignis.
Ignis was extremely pleased with you.
You visited 1 branch of the dungeon, and saw 4 of its levels.

You collected 147 gold pieces.


Innate Abilities, Weirdness & Mutations

You have very sharp teeth.
Your uncanny sense of smell can sniff out nearby items.
Your experience applies equally to all skills.


   Skills:
 + Level 6.9 Fighting
 + Level 2.1 Short Blades
 + Level 6.9 Long Blades
 + Level 2.1 Axes
 + Level 2.1 Maces & Flails
 + Level 2.1 Polearms
 + Level 2.1 Staves
 + Level 2.1 Slings
 + Level 2.1 Bows
 + Level 2.1 Crossbows
 + Level 2.1 Throwing
 + Level 2.1 Armour
 + Level 2.1 Dodging
 + Level 2.1 Stealth
 + Level 2.1 Shields
 + Level 2.1 Unarmed Combat
 + Level 3.5 Spellcasting
 + Level 1.7 Conjurations
 + Level 1.7 Hexes
 + Level 1.7 Summonings
 + Level 1.7 Necromancy
 + Level 1.7 Translocations
 + Level 1.7 Transmutations
 + Level 2.7 Fire Magic
 + Level 1.7 Ice Magic
 + Level 1.7 Air Magic
 + Level 1.7 Earth Magic
 + Level 1.7 Poison Magic
 + Level 2.3 Invocations
 + Level 2.1 Evocations


You had 11 spell levels left.
You knew the following spells:

 Your Spells              Type           Power      Damage    Failure   Level
y - Foxfire               Conj/Fire      36%        2x1d5     8%          1

Your spell library contained the following spells:

 Spells                   Type           Power      Damage    Failure   Level


Inventory:

Hand Weapons
 a - a -1 falchion of flaming
 m - a +0 morningstar
 t - a +0 whip of electrocution (weapon)
Armour
 b - a +0 robe (worn)
 d - a scarf of resistance (worn)
Wands
 r - a wand of flame (25)
 x - a wand of digging (1)
Scrolls
 c - a scroll of enchant weapon {unknown}
 e - 4 scrolls of identify {unknown}
 g - a scroll of noise {unknown}
 h - a scroll of teleportation {unknown}
 j - 4 scrolls of blinking {unknown}
 k - a scroll of magic mapping {unknown}
 n - 2 scrolls of enchant armour {unknown}
 o - a scroll of vulnerability {unknown}
 v - a scroll of fog {unknown}
 y - a scroll of amnesia {unknown}
Potions
 f - 3 potions of curing {unknown}
 i - a potion of attraction {unknown}
 l - a potion of magic {unknown}
 p - a potion of mutation {unknown}
 q - 2 potions of brilliance {unknown}
 s - a potion of degeneration {unknown}
 u - 2 potions of lignification {unknown}
 w - 2 potions of might {unknown}
 z - 2 potions of flight {unknown}

Dungeon Overview and Level Annotations

Branches:
Dungeon (4/15)             Temple (0/1) D:4

Altars:
Uskayaw

Shops:
D:1 *

Annotations:
D:4 Sigmund

▒.......▒.▒▒▒▒▒
▒....##...▒▒▒▒...
▒▒▒▒..##......... ..
▒...#▒▒▒▒▒..▒▒▒ ...
▒▒.▒.##▒.....#▒▒..>
▒▒▒▒▒▒▒▒.▒.(##....####...
▒......▒.▒#▒▒#...#####.▒
▒......▒#▒####▒▒#####▒▒▒▒
▒......#######g#######...
▒......####▒▒#.#######...
▒......▒▒▒▒▒▒#▒▒#####▒.▒▒
▒........▒▒.##▒▒###▒##.▒
▒▒▒▒▒......###.▒.##▒ #.▒
▒......####...▒#▒ ..▒
▒.....#####....▒▒ ..
▒....######.▒...▒ .
▒▒......(....▒....


There were no monsters in sight!


Message History

There is a stone staircase leading up, spattered with blood here.
Something hits you.
You hit something. Lightning courses through something!! You miss something.
Something hits you.
You closely miss something. Something hits you.
You hit something but do no damage. You miss something. Something hits you!
* * * LOW HITPOINT WARNING * * *
You miss something. Something hits you.
* * * LOW HITPOINT WARNING * * *
Unknown command.
You hit something.
Unknown command.
You miss something. Something hits you.
* * * LOW HITPOINT WARNING * * *
You closely miss something. Something hits you.
* * * LOW HITPOINT WARNING * * *
Use which ability? (? or * to list) Fires begin to smoulder around you!
Unknown command.
Unknown command.
Something hits you!
You die...

Action                   |  1- 3 |  4- 6 || total
-------------------------+-------+-------++-------
Melee: Falchion          |    57 |   119 ||   176
       Bite              |     3 |    11 ||    14
       Morningstar       |       |    20 ||    20
       Whip              |       |    56 ||    56
       Punch             |       |     1 ||     1
 Cast: Foxfire           |     3 |    41 ||    44
Invok: Sea of Fire       |       |     1 ||     1
 Stab: Sleeping          |       |     4 ||     4
Armor: Robe              |    11 |    30 ||    41
Dodge: Dodged            |    31 |   120 ||   151

Levels and vault maps discovered:
D:1:      dpeg_arrival_chambers_temple_mockup, layout_basic, serial_shops,
          nicolae_shop_statue_plus, minmay_split_cup_small
D:2:      layout_loops_ring, basic_altar, minmay_worlds_worst_comb, uniq_jessica
D:3:      layout_basic, ebering_ecumenical_altar_rust, uniq_natasha,
          uniq_terence
D:4:      layout_rooms, nicolae_qazlal_general_emergency,
          minmay_temple_entry_arrows, corexii_shack,
          chequers_serial_rivers_room_b, uniq_eustachio, uniq_sigmund

Notes
Turn   | Place    | Note
-------+----------+-------------------------------------------
     0 | D:1      | sanka the Gnoll Cinder Acolyte began the quest for the Orb.
     0 | D:1      | Reached XP level 1. HP: 23/23 MP: 4/4
   113 | D:1      | Reached skill level 2 in Fire Magic
   160 | D:1      | Found Jam Dios's General Store.
   168 | D:1      | Reached XP level 2. HP: 28/29 MP: 5/5
   185 | D:1      | Identified a scarf of resistance
  1148 | D:2      | Reached XP level 3. HP: 35/35 MP: 7/7
  1292 | D:2      | Noticed Jessica
  1298 | D:2      | Killed Jessica
  1299 | D:2      | Reached skill level 1 in Short Blades
  1299 | D:2      | Reached skill level 1 in Axes
  1299 | D:2      | Reached skill level 1 in Maces & Flails
  1299 | D:2      | Reached skill level 1 in Polearms
  1299 | D:2      | Reached skill level 1 in Staves
  1299 | D:2      | Reached skill level 1 in Slings
  1299 | D:2      | Reached skill level 1 in Bows
  1299 | D:2      | Reached skill level 1 in Crossbows
  1299 | D:2      | Reached skill level 1 in Throwing
  1299 | D:2      | Reached skill level 1 in Armour
  1299 | D:2      | Reached skill level 1 in Dodging
  1299 | D:2      | Reached skill level 1 in Stealth
  1299 | D:2      | Reached skill level 1 in Shields
  1299 | D:2      | Reached skill level 1 in Unarmed Combat
  1299 | D:2      | Reached skill level 1 in Invocations
  1299 | D:2      | Reached skill level 1 in Evocations
  1299 | D:2      | Reached XP level 4. HP: 35/41 MP: 4/8
  1516 | D:2      | HP: 4/41 [kobold (2)]
  1523 | D:2      | HP: 3/41 [kobold/stone (1)]
  1539 | D:2      | HP: 4/41 [kobold/stone (2)]
  1961 | D:2      | Reached skill level 3 in Spellcasting
  2027 | D:2      | Found a hide-covered altar of Uskayaw.
  2309 | D:2      | Reached skill level 1 in Conjurations
  2309 | D:2      | Reached skill level 1 in Hexes
  2309 | D:2      | Reached skill level 1 in Summonings
  2309 | D:2      | Reached skill level 1 in Necromancy
  2309 | D:2      | Reached skill level 1 in Translocations
  2309 | D:2      | Reached skill level 1 in Transmutations
  2309 | D:2      | Reached skill level 1 in Ice Magic
  2309 | D:2      | Reached skill level 1 in Air Magic
  2309 | D:2      | Reached skill level 1 in Earth Magic
  2309 | D:2      | Reached skill level 1 in Poison Magic
  2499 | D:3      | Noticed Natasha
  2504 | D:3      | Killed Natasha
  2553 | D:3      | Reached XP level 5. HP: 45/47 MP: 9/9
  2811 | D:3      | Noticed Natasha
  2819 | D:3      | Killed Natasha
  3182 | D:3      | Noticed Natasha
  3188 | D:3      | Killed Natasha
  3428 | D:3      | Reached skill level 2 in Invocations
  3428 | D:3      | Reached XP level 6. HP: 50/53 MP: 9/11
  3809 | D:3      | Noticed Terence
  3832 | D:3      | Killed Terence
  4217 | D:3      | Found a faded altar of an unknown god.
  4588 | D:4      | Noticed Sigmund
  4598 | D:4      | Found a staircase to the Ecumenical Temple.
  4683 | D:4      | Noticed a water moccasin
  4689 | D:4      | Killed a water moccasin
  4690 | D:4      | Reached skill level 2 in Short Blades
  4690 | D:4      | Reached skill level 2 in Axes
  4690 | D:4      | Reached skill level 2 in Maces & Flails
  4690 | D:4      | Reached skill level 2 in Polearms
  4690 | D:4      | Reached skill level 2 in Staves
  4690 | D:4      | Reached skill level 2 in Slings
  4690 | D:4      | Reached skill level 2 in Bows
  4690 | D:4      | Reached skill level 2 in Crossbows
  4690 | D:4      | Reached skill level 2 in Throwing
  4690 | D:4      | Reached skill level 2 in Armour
  4690 | D:4      | Reached skill level 2 in Dodging
  4690 | D:4      | Reached skill level 2 in Stealth
  4690 | D:4      | Reached skill level 2 in Shields
  4690 | D:4      | Reached skill level 2 in Unarmed Combat
  4690 | D:4      | Reached skill level 2 in Evocations
  4740 | D:4      | HP: 5/53 [something (4)]
  4742 | D:4      | Mangled by Sigmund

Vanquished Creatures
  A water moccasin (D:4)
  A water moccasin skeleton (D:3)
  Jessica (D:2)
  Terence (D:3)
  Natasha (thrice) (D:3)
  2 adders (D:3)
  An ufetubus (D:4)
  4 dart slugs
  13 orcs
  7 endoplasms
  9 giant cockroaches
  5 goblins
  4 hobgoblins
  3 jackals (D:1)
  2 quokkas
  5 ball pythons
  3 bats
  3 frilled lizards
  5 kobolds
  8 rats
81 creatures vanquished.

Vanquished Creatures (others)
  77 foxfires
77 creatures vanquished.

Grand Total: 158 creatures vanquished
